 Dungeon Crawl Stone Soup version 0.29.1-12-g30fa7ad0bf (webtiles) character file.

Game seed: 18251419227809121091

651 OTABOTABOTAB the Caller (level 7, 33/33 HPs)
             Began as a Felid Summoner on Jan 17, 2023.
             Was an Initiate of Gozag.
             Quit the game on level 6 of the Dungeon.
             The game lasted 00:22:00 (10253 turns).

OTABOTABOTAB the Caller (Felid Summoner)           Turns: 10253, Time: 00:22:01

Health: 33/33      AC:  6    Str:  4    XL:     7   Next: 28%
Magic:  16/16      EV: 21    Int: 18    God:    Gozag
Gold:   1195       SH:  0    Dex: 17    Spells: 4/17 levels left
                                        Lives:  0   Deaths: 2

rFire   . . .      SeeInvis +   (weapon unavailable)
rCold   . . .      Faith    .   (shield unavailable)
rNeg    . . .      Spirit   .   (body armour unavailable)
rPois   +          Reflect  .   (helmet unavailable)
rElec   .          Harm     .   (cloak unavailable)
rCorr   .          Rampage  .   (gloves unavailable)
Will    +....                   (boots unavailable)
Stlth   ++........              (no amulet)
HPRegen 0.11/turn               A - +4 ring of protection
MPRegen 0.15/turn               P - ring of poison resistance {rPois, !d}

@: quick
A: very small, claws 1, fangs 3, see invisible, speed 1, shaggy fur 2, stealthy
paws, no weapons or thrown items, no armour, multi-lived
a: Renounce Religion, Potion Petition, Call Merchant, Bribe Branch


You were on level 6 of the Dungeon.
You worshipped Gozag.
Gozag was most pleased with you.
You visited 2 branches of the dungeon, and saw 8 of its levels.
You also visited: Sewer.

You collected 1277 gold pieces.
You paid 82 gold pieces to Gozag.

Inventory:

Jewellery
 e - an amulet of guardian spirit
   (You found it on level 6 of the Dungeon)
 k - an amulet of the acrobat
   (You found it on level 3 of the Dungeon)
 A - a +4 ring of protection (left paw)
   (You found it on level 1 of the Dungeon)
 P - a ring of poison resistance (right paw) {rPois, !d}
   (You found it on level 2 of the Dungeon)
Wands
 q - a wand of flame (21)
   (You found it on level 3 of the Dungeon)
Scrolls
 a - 3 scrolls of butterflies
 D - a scroll of blinking {!r}
 K - a scroll of immolation {!r}
 O - a scroll of silence
 Y - 2 scrolls of teleportation {@r3}
Potions
 c - a potion of attraction {!q}
 j - a potion of magic
 H - 3 potions of haste
 J - a potion of curing {@q1}
 M - 3 potions of might
 R - a potion of resistance
 T - a potion of berserk rage {!q}
 U - a potion of mutation {!q}


   Skills:
 + Level 4.7 Fighting
 + Level 7.0 Dodging
 - Level 2.6 Stealth
 + Level 5.7 Spellcasting
 - Level 5.0 Hexes
 + Level 7.1 Summonings
 + Level 1.1 Air Magic


You had 4 spell levels left.
You knew the following spells:

 Your Spells              Type           Power      Damage    Failure   Level
a - Summon Small Mammal   Summ           100%       N/A       1%          1
b - Call Canine Familiar  Summ           30%        N/A       1%          3
c - Call Imp              Summ           30%        N/A       1%          2
d - Summon Guardian Gole  Hex/Summ       27%        N/A       3%          3
e - Summon Lightning Spi  Summ/Air       20%        N/A       22%         4

Your spell library contained the following spells:

 Spells                   Type           Power      Damage    Failure   Level
 Tukima's Dance           Hex            23%        N/A       4%          3
 Apportation              Tloc           10%        N/A       12%         1
 Sandblast                Erth           10%        2d5       12%         1
 Sting                    Tmut/Pois      20%        1d4       12%         1
 Poisonous Vapours        Pois/Air       14%        N/A       14%         2
 Static Discharge         Conj/Air       7%         3-4/arc   14%         2
 Passwall                 Tmut/Erth      4%         N/A       19%         2
 Stone Arrow              Conj/Erth      10%        3d7       36%         3
 Olgreb's Toxic Radiance  Pois           5%         N/A       77%         4
 Lightning Bolt           Conj/Air       3%         1d15      95%         5
 Alistair's Intoxication  Tmut/Pois      3%         N/A       98%         5
 Blade Hands              Tmut           2%         N/A       98%         5
 Maxwell's Capacitive Co  Air            4%         ∞         100%        8
 Portal Projectile        Hex/Tloc       Unusable   N/A       N/A         3

Dungeon Overview and Level Annotations

Branches:
Dungeon (7/15)             Temple (1/1) D:4           Sewer (visited)

Altars:
Cheibriados
Dithmenos
Fedhas
Gozag
Hepliaklqana
Makhleb
Okawaru
Qazlal
Sif Muna
Trog
Wu Jian
Xom
Yredelemnul
Zin

Shops:
D:5 (


Innate Abilities, Weirdness & Mutations

You have sharp claws.
You have razor-sharp teeth.
You have supernaturally acute eyesight. (SInv)
You cover ground quickly. (Speed+)
You are covered in thick fur. (AC +2)
Your paws help you pounce on unaware monsters.
You are incapable of wielding weapons or throwing items.
You cannot wear armour.
You gain extra lives every three experience levels.


Message History

Gang up on whom?
Aim: a killer bee (lightly wounded, ally target) Attack!
The killer bee stings you but does no damage.
The killer bee completely misses you.
Your hound completely misses the killer bee.
The killer bee barely misses you. The killer bee stings you.
Your quokka closely misses the killer bee.
Your hound misses the killer bee.
You take 4 damage, and have 18/36 hp.
The killer bee closely misses you. The killer bee barely misses you.
Your quokka bites the killer bee.
The killer bee closely misses you. The killer bee stings you.
Your hound misses the killer bee.
You take 5 damage, and have 13/36 hp.
The killer bee closely misses you. The killer bee stings you.
* * * LOW HITPOINT WARNING * * *
Your hound barely misses the killer bee.
Your quokka closely misses the killer bee.
The killer bee misses you. The killer bee barely misses you.
Your hound bites the killer bee.
You take 5 damage, and have 8/36 hp.
You feel better. The killer bee misses you. x2
Your quokka misses the killer bee. The killer bee misses you.
The killer bee closely misses you.
Your hound bites the killer bee.
Your quokka bites the killer bee but does no damage.
You regained 6 hp, and now have 14/36 hp.
Nothing appears to happen.
The killer bee stings you but does no damage.
The killer bee stings you.
Your hound misses the killer bee.
The killer bee stings you but does no damage.
The killer bee completely misses you.
Your quokka barely misses the killer bee.
Your hound completely misses the killer bee.
You take 1 damage, and have 13/36 hp.
You now have 1/17 mp.
You scratch the killer bee. Your bite misses the killer bee.
The killer bee completely misses you. The killer bee misses you. x2
The killer bee stings you but does no damage.
Your hound closely misses the killer bee.
Your quokka barely misses the killer bee.
You barely miss the killer bee. The killer bee barely misses you.
The killer bee closely misses you.
Your hound closely misses the killer bee.
Your quokka bites the killer bee.
The killer bee completely misses you. x2
Your hound barely misses the killer bee.
You scratch the killer bee. The killer bee barely misses you. x2
Your quokka barely misses the killer bee.
The killer bee misses you. The killer bee closely misses you.
Your hound closely misses the killer bee.
You barely miss the killer bee. Your bite misses the killer bee.
The killer bee stings you.
* * * LOW HITPOINT WARNING * * *
The killer bee barely misses you.
Your hound completely misses the killer bee.
Your quokka misses the killer bee. The killer bee stings you.
* * * LOW HITPOINT WARNING * * *
You are lethally poisoned!
The killer bee poisons you! The killer bee stings you.
* * * LOW HITPOINT WARNING * * *
Your hound barely misses the killer bee.
Your quokka barely misses the killer bee.
You take 9 damage, and have 4/36 hp.
MASSIVE DAMAGE!!
You feel better. The killer bee misses you. x2
The killer bee barely misses you. The killer bee completely misses you.
Your hound misses the killer bee. Your quokka misses the killer bee.
You regained 9 hp, and now have 13/36 hp.
You miss the killer bee. The killer bee misses you. x2
Your hound barely misses the killer bee.
The killer bee misses you. The killer bee stings you.
Your quokka misses the killer bee. Your hound misses the killer bee.
You scratch the killer bee. The killer bee misses you.
The killer bee completely misses you.
Your quokka completely misses the killer bee.
The killer bee completely misses you. x2; Your hound misses the killer bee.
You miss the killer bee. You bite the killer bee. The killer bee stings you.
* * * LOW HITPOINT WARNING * * *
The killer bee misses you.
Your hound bites the killer bee.
Your quokka misses the killer bee.
The killer bee closely misses your hound.
The killer bee stings you but does no damage.
Your hound misses the killer bee.
You take 3 damage, and have 10/36 hp.
You closely miss the killer bee. Your bite misses the killer bee.
The killer bee barely misses you. The killer bee closely misses you.
Your quokka misses the killer bee. The killer bee barely misses you.
The killer bee closely misses you.
Your hound misses the killer bee.
Your quokka bites the killer bee.
You scratch the killer bee but do no damage.
The killer bee stings you.
* * * LOW HITPOINT WARNING * * *
The killer bee stings you!
You die...
You are lethally poisoned!
The killer bee poisons you!
Your hound bites the killer bee.
The killer bee stings your hound. The killer bee barely misses you.
Your quokka completely misses the killer bee.
Your hound closely misses the killer bee.
You are now level 7!
You rejoin the land of the living...
Health restored: 33; MP restored: 16

.##.......# #.##
.##.......# #.#
.##.......# #.#
.##.......# ###.#####
.##..<....# #.....5.#
###.......# #.#.###.#
# #.......# #....##.#
########### #....##5#
.# #######...@##.# .#
#.......##)##.#
.######.#####.......#
..[........##.##.####
.######.##......?# .#
#.#####.#### ##
#.......# #########


There were no monsters in sight!

Vanquished Creatures (collateral kills)
  A steam dragon (D:7)
  Pargi (Sewer)
  2 black bears
  An ice beast (D:7)
  A phantom (D:5)
  A scorpion (D:6)
  A bullfrog (D:5)
  A necrophage (D:5)
  2 howler monkeys
  2 hounds
  5 jellies
  3 orc priests
  2 iguanas (D:5)
  4 orc wizards
  A scorpion zombie (D:4)
  A hound zombie (D:4)
  A howler monkey zombie (D:4)
  3 gnolls
  12 adders
  A river rat (D:3)
  A shadow imp (D:5)
  An ufetubus (D:5)
  2 adder zombies (D:4)
  2 worms
  3 dart slugs
  26 orcs
  4 ball pythons
  5 endoplasms
  8 giant cockroaches
  12 goblins
  6 hobgoblins
  4 jackals (D:2)
  6 kobolds
  3 quokkas
  14 bats
  5 frilled lizards
  5 rats
153 creatures vanquished.

Vanquished Creatures (others)
  A steam dragon (D:6)
  A bullfrog (D:7)
  A scorpion (D:7)
  2 gnolls (D:7)
5 creatures vanquished.

Grand Total: 158 creatures vanquished

Notes
Turn   | Place    | Note
-------+----------+-------------------------------------------
     0 | D:1      | OTABOTABOTAB the Felid Summoner began the quest for the
                  | Orb.
     0 | D:1      | Reached XP level 1. HP: 7/7 MP: 4/4
   279 | D:1      | Reached XP level 2. HP: 11/11 MP: 1/6
   282 | D:1      | Learned a level 2 spell: Call Imp
  1196 | D:1      | Reached XP level 3. HP: 14/14 MP: 2/8
  1575 | D:2      | Learned a level 3 spell: Call Canine Familiar
  2038 | D:2      | Reached skill level 3 in Spellcasting
  2234 | D:2      | Found a faded altar of an unknown god.
  2260 | D:2      | Reached XP level 4. HP: 18/18 MP: 3/9
  2426 | D:2      | Reached skill level 5 in Summonings
  3168 | D:2      | Learned a level 3 spell: Summon Guardian Golem
  3517 | D:3      | Found a glowing drain.
  3567 | Sewer    | Entered a sewer
  3741 | Sewer    | Noticed Pargi
  3760 | Sewer    | Killed Pargi
  3761 | Sewer    | Reached skill level 1 in Fighting
  3761 | Sewer    | Reached skill level 3 in Dodging
  3761 | Sewer    | Reached skill level 1 in Hexes
  3761 | Sewer    | Reached XP level 5. HP: 22/22 MP: 2/11
  3905 | D:3      | Reached skill level 2 in Hexes
  4115 | D:3      | Gained mutation: You are covered in thick fur. (AC +2)
                  | [Felid growth]
  4115 | D:3      | Reached XP level 6. HP: 25/25 MP: 2/12
  4929 | D:3      | Found an iron altar of Okawaru.
  4929 | D:3      | Found a bloodstained altar of Trog.
  5160 | D:4      | Found a staircase to the Ecumenical Temple.
  5169 | Temple   | Entered the Ecumenical Temple
  5206 | Temple   | Became a worshipper of Gozag Ym Sagoz the Greedy
  5312 | D:4      | HP: 6/26 [black bear (3)]
  5326 | D:4      | HP: 1/26 [black bear (6)]
  5335 | D:4      | Reached skill level 2 in Fighting
  5335 | D:4      | Reached skill level 4 in Dodging
  5335 | D:4      | Reached skill level 4 in Spellcasting
  5335 | D:4      | Reached skill level 3 in Hexes
  5626 | D:4      | Found a stormy altar of Qazlal.
  5836 | D:4      | Found an ornate altar of the Wu Jian Council.
  5842 | D:4      | Noticed a spectral centipede
  5842 | D:4      | Noticed a spectral black mamba
  5842 | D:4      | Noticed a spectral cane toad
  6407 | D:4      | Reached XP level 7. HP: 30/30 MP: 14/14
  6409 | D:4      | Found a basalt altar of Yredelemnul.
  6416 | D:4      | Learned a level 4 spell: Summon Lightning Spire
  6600 | D:4      | Found a burning altar of Makhleb.
  6617 | D:4      | HP: 4/30 [orc priest/divine providence (13)]
  7204 | D:5      | Entered Level 5 of the Dungeon
  7305 | D:5      | Found Owory's Antique Weapon Emporium.
  7325 | D:5      | Reached skill level 4 in Hexes
  7375 | D:5      | Reached skill level 6 in Summonings
  7458 | D:5      | Reached skill level 5 in Dodging
  7651 | D:5      | Reached skill level 3 in Fighting
  8024 | D:5      | Reached XP level 8. HP: 34/34 MP: 11/16
  8234 | D:5      | Reached skill level 5 in Hexes
  8317 | D:5      | Found the +6 shillelagh "Devastator" {shatter}
  8922 | D:6      | Reached skill level 5 in Spellcasting
  9035 | D:6      | Reached skill level 6 in Dodging
  9295 | D:6      | Killed from afar by a steam dragon
  9296 | D:6      | Reached XP level 7. HP: -3/31 MP: 6/15
  9364 | D:6      | Reached skill level 4 in Fighting
  9459 | D:6      | Killed a steam dragon
  9848 | D:6      | Identified a scroll of acquirement
  9849 | D:6      | Acquired 487 gold pieces
  9960 | D:7      | Reached XP level 8. HP: 36/36 MP: 12/17
  9994 | D:7      | Reached skill level 7 in Summonings
  9999 | D:7      | Reached skill level 7 in Dodging
  9999 | D:7      | Reached skill level 1 in Air Magic
 10231 | D:7      | HP: 8/36 [killer bee (8)]
 10240 | D:6      | HP: 8/36 [killer bee (6)]
 10246 | D:6      | HP: 9/36 [killer bee (4)]
 10246 | D:6      | HP: 4/36 [killer bee (3)]
 10252 | D:6      | HP: 5/36 [killer bee (5)]
 10252 | D:6      | Slain by a killer bee
 10253 | D:6      | Reached XP level 7. HP: -2/33 MP: 2/16
 10253 | D:6      | Quit the game

Illustrated notes

Levels and vault maps discovered:
D:1:      onia_arrival_pentagram, layout_loops_ring
D:2:      layout_basic, nicolae_ecumenical_lake_church, minmay_heptomino_l4
D:3:      layout_basic, grunt_temple_overflow_bloody_war,
          gup_sewer_entry_bubbles, serial_bayou_crossing
D:4:      layout_basic, nicolae_yredelemnul_corpse_copse,
          pdpol_wu_jian_five_deadly_venoms, grunt_qazlal_clouds,
          lightli_temple_of_fire, minmay_temple_entry_mini_moons
D:5:      layout_gridville, serial_shops, nicolae_shop_crystal,
          kennysheep_decorative_pillar, hangedman_decor_clover_reticule
D:6:      layout_loops_cross, glass_columns_c, abandoned_shop
D:7:      layout_cave_pools, nicolae_tso_swordbearing_angel,
          kennysheep_cluttered_room
Temple:   jpeg_temple_clearing

Skill      XL: |  1  2  3  4  5  6  7  8 |
---------------+-------------------------+-----
Spellcasting   | 3 4 5 |  5.7
Summonings     | 5 6 7 |  7.1
Fighting       | 1 2 4 |  4.7
Dodging        | 3 4 5 7 |  7.0
Hexes          | 1 2 3 4 5 |  5.0
Air Magic      | 1 |  1.1
Stealth        | |  2.6

Action                   |  1- 3 |  4- 6 |  7- 9 || total
-------------------------+-------+-------+-------++-------
Melee: Unarmed           |     5 |       |     9 ||    14
       Bite              |       |       |     1 ||     1
 Cast: Summon Small Mamm |    48 |    53 |    63 ||   164
       Call Imp          |    19 |    27 |    25 ||    71
       Call Canine Famil |     3 |    33 |    39 ||    75
       Summon Guardian G |       |     4 |    10 ||    14
  Use: Scroll            |       |    12 |     9 ||    21
       Potion            |       |     1 |     5 ||     6
Armor: Skin              |     6 |    15 |    16 ||    37
Dodge: Dodged            |    31 |    59 |   122 ||   212

Table legend: (Time is in decaauts)
 A = Elapsed time spent in this place.
 B = Non-inter-level travel time spent in this place.
 C = Inter-level travel time spent in this place.
 D = Time resting spent in this place.
 E = Time spent auto-exploring this place.
 F = Levels seen in this place.
 G = Mean time per level.
                   A        B        C        D        E       F      G
               +--------+--------+--------+--------+--------+-----+--------+
         Total |   9317 |   9151 |    166 |    678 |   6675 |   9 | 1035.2 |
       Dungeon |   8980 |   8826 |    154 |    678 |   6432 |   7 | 1282.9 |
        Temple |     43 |     31 |     12 |      0 |     22 |   1 |   43.0 |
         Sewer |    293 |    293 |      0 |      0 |    221 |   1 |  293.0 |
               +--------+--------+--------+--------+--------+-----+--------+

Top non-repeatable levels by time:
     D:4: 1802 daAuts
     D:1: 1663 daAuts
     D:3: 1486 daAuts
     D:5: 1390 daAuts
     D:2: 1264 daAuts
     D:6: 1036 daAuts
     D:7: 336 daAuts
   Sewer: 293 daAuts
  Temple: 43 daAuts

Table legend:
 A = Kills in this place as a percentage of kills in entire the game.
 B = Kills by you in this place as a percentage of kills by you in the entire game.
 C = Kills by friends in this place as a percentage of kills by friends in the entire game.
 D = Other kills in this place as a percentage of other kills in the entire game.
 E = Experience gained in this place as a percentage of experience gained in the entire game.
 F = Experience gained in this place divided by the number of levels of this place that you have seen.
                   A       B       C       D       E      F
               +-------+-------+-------+-------+-------+----------------------
         Total | 100.0 |   N/A | 100.0 | 100.0 | 100.0 | 305.3
       Dungeon |  93.7 |   N/A |  93.5 | 100.0 |  94.7 | 371.7
         Sewer |   6.3 |   N/A |   6.5 |   0.0 |   5.3 | 146.0
               +-------+-------+-------+-------+-------+----------------------
